 Dungeon Crawl Stone Soup version 0.26-a0-487-gbff1e92059 (webtiles) character file.

Game seed: 15927771636746587336

2841 Infinimo the Destroyer (level 9, -6/45 HPs)
             Began as a Tengu Fire Elementalist on Aug 1, 2020.
             Mangled by an orc warrior
             ... wielding a +0 battleaxe
              (19 damage)
             ... on level 7 of the Dungeon.
             The game lasted 00:10:11 (11130 turns).

Infinimo the Destroyer (Tengu Fire Elementalist)   Turns: 11130, Time: 00:10:12

Health: -6/45      AC:  4    Str:  8    XL:     9   Next: 74%
Magic:  16/18      EV: 15    Int: 20    God:
Gold:   280        SH:  0    Dex: 14    Spells: 9/19 levels left

rFire    . . .     SeeInvis .   t - +4 scythe (venom)
rCold    + . .     Faith    .   (shield currently unavailable)
rNeg     + . .     Spirit   .   s - +1 robe {rC+}
rPois    .         Reflect  .   (helmet restricted)
rElec    .         Harm     .   (no cloak)
rCorr    .                      l - +0 pair of gloves
MR       .....                  (boots unavailable)
Stlth    ++........             (no amulet)
HPRegen  0.15/turn              o - ring of positive energy
MPRegen  0.16/turn              (no ring)

@: flying quickly and evasively, quick
A: beak, talons 3, able to fly
a: Stop Flying


You were on level 7 of the Dungeon.
You visited 2 branches of the dungeon, and saw 8 of its levels.
You also visited: Sewer.

You collected 313 gold pieces.
You spent 33 gold pieces at shops.

Inventory:

Hand Weapons
 t - a +4 scythe of venom (weapon)
Missiles
 j - 9 poisoned darts (quivered)
Armour
 l - a +0 pair of gloves (worn)
 s - a +1 robe of cold resistance (worn)
Jewellery
 o - a ring of positive energy (left hand)
Wands
 b - a wand of iceblast (13)
 v - a wand of acid (11)
Scrolls
 a - 3 scrolls of identify
 i - a scroll of remove curse
 k - a scroll of blinking
 m - 4 scrolls of teleportation
 n - a scroll of fog
 u - a scroll of fear
Potions
 c - a potion of degeneration
 d - 6 potions of curing
 e - a potion of ambrosia
 f - 2 potions of stabbing
 g - a potion of brilliance
 h - 3 potions of heal wounds
 p - 2 potions of cancellation
 q - a potion of might
 r - a potion of haste


   Skills:
 + Level 0.3 Fighting
 - Level 2.2 Dodging
 - Level 2.0 Stealth
 + Level 5.6 Spellcasting
 * Level 10.6 Conjurations
 * Level 9.7 Fire Magic


You had 9 spell levels left.
You knew the following spells:

 Your Spells              Type           Power        Failure   Level
a - Foxfire               Conj/Fire      ####         1%          1
b - Sticky Flame          Conj/Fire      #####...     1%          4
c - Fireball              Conj/Fire      #####.....   4%          5

Your spell library contained the following spells:

 Spells                   Type           Power        Failure   Level
 Magic Dart               Conj           ####         1%          1
 Searing Ray              Conj           #####.       1%          2
 Conjure Flame            Conj/Fire      #####...     1%          3
 Dazzling Flash           Conj/Hex       ####..       3%          3
 Inner Flame              Hex/Fire       ####....     4%          3
 Summon Small Mammal      Summ           #...         11%         1
 Fulminant Prism          Conj/Hex       ####......   12%         4
 Iskenderun's Mystic Bla  Conj/Tloc      ####....     12%         4
 Call Imp                 Summ           #.......     16%         2
 Call Canine Familiar     Summ           #.......     32%         3
 Summon Guardian Golem    Hex/Summ       #.......     32%         3
 Summon Ice Beast         Ice/Summ       #.......     71%         4
 Summon Lightning Spire   Summ/Air       #.......     71%         4


Dungeon Overview and Level Annotations

Branches:
Dungeon (7/15)             Temple (1/1) D:5           Sewer (visited)

Altars:
Ashenzari
Cheibriados
Dithmenos
Elyvilon
Fedhas
Hepliaklqana
Kikubaaqudgha
Makhleb
Nemelex Xobeh
Okawaru
Qazlal
Ru
Sif Muna
Trog
Uskayaw
Wu Jian
Xom
Yredelemnul
Zin
The Shining One

Shops:
D:5 *

Annotations:
D:5 3 runed translucent doors, Infinimo's ghost, novice HOFE


Innate Abilities, Weirdness & Mutations

You have a beak for a mouth.
You have claws for feet.
You can fly continuously.


Message History

Attack whom?
Press: ? - help, Dir - move target cursor, f - orc warrior
Aim: an orc warrior, wielding a +0 battleaxe and wearing a +0 chain mail (almost dead)
You reach to attack!
The orc warrior is almost dead.
The orc throws a boomerang.
The weapon returns to the orc!
The orc throws a boomerang.
The weapon returns to the orc!
Attack whom?
Press: ? - help, Dir - move target cursor, f/p - orc warrior
Aim: an orc warrior, wielding a +0 battleaxe and wearing a +0 chain mail (almost dead)
You reach to attack!
The orc warrior is almost dead.
The orc throws a boomerang.
The boomerang hits you.
The weapon returns to the orc!
The orc warrior hits you with a +0 battleaxe.
* * * LOW HITPOINT WARNING * * *
The orc throws a boomerang.
The weapon returns to the orc!
There is a stone staircase leading up here.
The orc warrior hits you with a +0 battleaxe!!
You die...

#...# #.##...#.[# #...#
#...o##..#..
#####...####.##.# ...#.
..............#.#######
.......................
...........o.......####
####...####.####..#
#.o.# #.......# #[@.#
#######.# #...# #.#
#...# #.### #...# #...#
##.## ###.## #.# #...
#.# #### ...


You could see an orc warrior.

Vanquished Creatures
  Pikel (D:5)
  Grinder (D:3)
  Sigmund (D:5)
  2 sky beasts
  2 ogres
  A centaur (D:6)
  A lemure (D:5)
  5 big kobolds (Sewer)
  3 bullfrogs (D:6)
  A water moccasin zombie (D:6)
  2 howler monkeys (D:6)
  A jelly (D:6)
  A bullfrog skeleton (D:4)
  4 orc priests (D:3)
  4 orc wizards
  Jessica (D:2)
  Terence (D:2)
  An iguana (D:5)
  7 worker ants
  2 hound zombies (D:6)
  Robin (D:3)
  A worker ant zombie (D:6)
  3 gnolls (D:3)
  10 adders
  4 river rats (Sewer)
  2 shadow imps
  A white imp (D:5)
  An ufetubus (D:6)
  5 oozes (Sewer)
  3 worms
  2 dart slugs
  6 leopard geckos
  26 orcs
  5 ball pythons
  5 giant cockroaches
  18 goblins
  9 hobgoblins
  8 jackals
  4 quokkas
  13 bats
  8 frilled lizards
  13 kobolds
  13 rats
203 creatures vanquished.

Vanquished Creatures (others)
  793 foxfires
  3 fungi (D:5)
  A plant (D:5)
797 creatures vanquished.

Grand Total: 1000 creatures vanquished

Notes
Turn   | Place    | Note
-------+----------+-------------------------------------------
     0 | D:1      | Infinimo the Tengu Fire Elementalist began the quest for
                  | the Orb.
     0 | D:1      | Reached XP level 1. HP: 10/10 MP: 4/4
   137 | D:1      | Reached skill level 2 in Conjurations
   137 | D:1      | Reached XP level 2. HP: 15/15 MP: 1/6
   631 | D:1      | Reached XP level 3. HP: 19/19 MP: 2/7
  1645 | D:2      | Noticed Terence
  1660 | D:2      | Reached skill level 3 in Conjurations
  1669 | D:1      | Reached XP level 4. HP: 1/24 MP: 3/8
  1879 | D:2      | Noticed Jessica
  1881 | D:2      | Killed Jessica
  2063 | D:2      | Killed Terence
  2063 | D:2      | Reached skill level 4 in Conjurations
  2063 | D:2      | Gained mutation: You can fly continuously. [Tengu growth]
  2063 | D:2      | Reached XP level 5. HP: 16/28 MP: 5/10
  2822 | D:3      | Reached skill level 5 in Fire Magic
  2887 | D:3      | Reached XP level 6. HP: 16/32 MP: 0/11
  3220 | D:2      | Learned a level 4 spell: Sticky Flame
  3225 | D:3      | Reached skill level 5 in Conjurations
  3486 | D:3      | Noticed Grinder
  3499 | D:3      | Killed Grinder
  3499 | D:3      | Reached skill level 6 in Conjurations
  3499 | D:3      | Reached XP level 7. HP: 10/36 MP: 4/13
  4041 | D:3      | Noticed Robin
  4232 | D:3      | Killed Robin
  4378 | D:3      | Found a stormy altar of Qazlal.
  5397 | D:4      | Reached skill level 7 in Conjurations
  5642 | D:4      | Reached XP level 8. HP: 41/41 MP: 11/15
  5651 | D:4      | Learned a level 5 spell: Fireball
  5761 | D:4      | Found a sacrificial altar of Ru.
  6109 | D:4      | Got an iridescent shortbow
  6110 | D:4      | Identified the cursed +0 shortbow of Xiv Enoo {speed,
                  | Str+2} (You found it on level 4 of the Dungeon)
  6140 | D:5      | Entered Level 5 of the Dungeon
  6217 | D:5      | Found a staircase to the Ecumenical Temple.
  6245 | Temple   | Entered the Ecumenical Temple
  6544 | D:5      | Found Vugreak's General Store.
  6548 | D:5      | Bought a scroll of teleportation for 33 gold pieces
  6591 | D:5      | Found a runed translucent gate.
  6591 | D:5      | Found a runed translucent gate.
  6591 | D:5      | Found a runed translucent gate.
  6594 | D:5      | Noticed Infinimo's ghost (novice HOFE)
  6686 | D:5      | Noticed Pikel
  6733 | D:5      | Paralysed by Pikel for 7 turns
  6758 | D:5      | Killed Pikel
  6758 | D:5      | Reached skill level 8 in Conjurations
  7053 | D:5      | Noticed Sigmund
  7067 | D:5      | Killed Sigmund
  7366 | D:5      | Found an iron altar of Okawaru.
  7982 | D:5      | Reached skill level 9 in Conjurations
  8242 | D:6      | Found a glowing drain.
  8252 | D:6      | Reached XP level 9. HP: 42/45 MP: 17/17
  8271 | D:6      | Reached skill level 5 in Spellcasting
  8671 | Sewer    | Entered a sewer
  9286 | Sewer    | Reached skill level 10 in Conjurations
  9886 | D:6      | Found a glowing golden altar of the Shining One.
 11130 | D:7      | Mangled by an orc warrior

Illustrated notes

Levels and vault maps discovered:
D:1:      mrwooster_arrival_statue, layout_loops_ring
D:2:      layout_rooms, uniq_jessica, uniq_terence
D:3:      layout_basic, nicolae_overflow_crystal_walls, uniq_grinder, uniq_robin
D:4:      layout_loops_ring, nicolae_ru_awakened_eye,
          chequers_serial_rivers_micro_b
D:5:      layout_basic, lemuel_round_altar, minmay_temple_entry_tees,
          gammafunk_ghost_nasty_kobolds, serial_shops, shop, uniq_pikel,
          uniq_sigmund
D:6:      layout_layer_cave, kennysheep_little_box, gup_sewer_entry_glass,
          grunt_ministairs_3, minmay_misc_feat_nine_boxes
D:7:      layout_loops_cross, marbit_many_paths, vehumet_crystals
Temple:   nicolae_temple_elliptical

Skill      XL: |  1  2  3  4  5  6  7  8  9 |
---------------+----------------------------+-----
Conjurations   | 2 3 4 6 7 9 10 | 10.6
Fire Magic     | 4 5 6 8 9 |  9.7
Spellcasting   | 3 4 5 |  5.6
Fighting       | |  0.3
Dodging        | |  2.2
Stealth        | |  2.0

Action                   |  1- 3 |  4- 6 |  7- 9 || total
-------------------------+-------+-------+-------++-------
Melee: Unarmed           |     3 |       |       ||     3
       Kick              |     2 |     4 |    17 ||    23
       Club              |     3 |       |       ||     3
       Peck              |     1 |     1 |     9 ||    11
       Dagger            |       |    19 |    52 ||    71
       Scythe            |       |       |    34 ||    34
 Cast: Foxfire           |    82 |    81 |   331 ||   494
       Sticky Flame      |       |     1 |     1 ||     2
 Abil: Fly               |       |     1 |       ||     1
  Use: Scroll            |       |     4 |    13 ||    17
       Potion            |       |     2 |     3 ||     5
 Stab: Sleeping          |       |       |     2 ||     2
Armor: Robe              |     8 |     5 |    26 ||    39
Dodge: Dodged            |    13 |    16 |   163 ||   192

Table legend: (Time is in decaauts)
 A = Elapsed time spent in this place.
 B = Non-inter-level travel time spent in this place.
 C = Inter-level travel time spent in this place.
 D = Time resting spent in this place.
 E = Time spent auto-exploring this place.
 F = Levels seen in this place.
 G = Mean time per level.
                   A        B        C        D        E       F      G
               +--------+--------+--------+--------+--------+-----+--------+
         Total |  10760 |  10428 |    332 |    372 |   8358 |   9 | 1195.6 |
       Dungeon |   9654 |   9339 |    315 |    372 |   7504 |   7 | 1379.1 |
        Temple |    145 |    128 |     17 |      0 |    116 |   1 |  145.0 |
         Sewer |    960 |    960 |      0 |      0 |    737 |   1 |  960.0 |
               +--------+--------+--------+--------+--------+-----+--------+

Top non-repeatable levels by time:
     D:3: 1972 daAuts
     D:1: 1866 daAuts
     D:5: 1745 daAuts
     D:6: 1401 daAuts
     D:4: 1396 daAuts
     D:2: 1001 daAuts
   Sewer: 960 daAuts
     D:7: 269 daAuts
  Temple: 145 daAuts
